[Event "Chinese League Division-A 2024"]
[Site "Fuling Chongqing"]
[Date "2024.06.26"]
[Round "1.13"]
[White "Liu, Qingnan"]
[Black "Shen, Fuyan"]
[Result "1-0"]
[ECO "B48"]
[WhiteElo "2540"]
[BlackElo "1830"]
[Annotator "TA"]
[PlyCount "101"]
[EventDate "2024.06.28"]
[EventType "team-tourn"]
[EventCountry "CHN"]
[SourceTitle "playchess.com"]
[Source "ChessBase"]
[SourceQuality "1"]
[TimeControl "40/5400+30:1800+30"]

1. e4 c5 2. Nf3 e6 3. d4 cxd4 4. Nxd4 Nc6 5. Nc3 Qc7 6. Be3 a6 7. Qf3 b5 8. Nxc6 Qxc6 9. Bd3 {[%emt 0:00:04] The position is equal.} b4 10. Ne2 Bb7 11. Qg3 Nf6 12. Nd4 Nxe4 13. Nxc6 Nxg3 14. Na5 $1 Nxh1 (14... Bxg2 $2 15. Rg1 $18) 15. Nxb7 Be7 16. f4 {[%emt 0:01:02] White is more active.} Bh4+ 17. Ke2 Nf2 18. Bxf2 Bxf2 19. Kxf2 Ke7 20. Na5 Rhc8 21. a3 (21. Bxh7 $2 g6 22. Rc1 Rc5 $19 (22... Rh8 $2 23. Bxg6 fxg6 24. Nc4 $19)) 21... Rab8 22. Nb3 (22. Bxh7 $2 g6 23. axb4 Rxc2+ 24. Kg3 Rh8 (24... Rxb2 $2 25. Nc4 $19) (24... Rxb4 $2 25. h4 $19) 25. Bxg6 Rg8 $19 (25... fxg6 $2 26. Ra3 $19) (25... Rxb2 26. Rb1 $11)) 22... bxa3 23. Rxa3 Rb6 24. Ke3 (24. Bxh7 $2 g6 25. Nd4 Rh8 (25... Rxb2 $2 26. f5 $19) 26. Bxg6 fxg6 $19) 24... d5 25. Kd2 (25. Bxa6 Rxc2 26. Be2 g6 $17 (26... Rxb2 27. Ra7+ Kd6 28. Nd4 $15)) (25. Bxh7 g6 26. Nd4 Rh8 (26... Rxb2 27. Rxa6 Rh8 28. Bxg6 $11) 27. Bxg6 fxg6 $17) 25... Rcc6 (25... f6 $16 26. Bxa6 (26. Rxa6 Rxa6 27. Bxa6 Rb8 $16) 26... Ra8) 26. Nd4 $18 (26. Bxh7 g6 $15) 26... Rd6 27. Kc3 (27. Bxh7 g6 $11) 27... g6 28. b4 f6 29. Nb3 e5 30. Nc5 e4 (30... Rd8 {was worth a try.} 31. Nxa6 (31. Rxa6 Rxa6 32. Bxa6 Rb8 $18) (31. Bxa6 Ra8 $18) 31... Kd6) 31. Bxa6 d4+ 32. Kc4 d3 33. cxd3 exd3 {[%emt 0:00:13] [#] Strongly threatening ...d2.} 34. Ra1 $1 d2 35. Rd1 Rb8 36. Kc3 f5 37. Bc4 (37. Rxd2 Rxd2 38. Kxd2 Rxb4 $16) 37... Ra8 38. Bd3 (38. Rxd2 Ra3+ 39. Bb3 Rxd2 40. Kxd2 Kd6 41. Nb7+ Kc6 42. Na5+ Kb5) 38... Ra3+ 39. Kc4 ({Don't do} 39. Kxd2 Rd4 40. Rb1 Rxf4 $18) 39... Ra2 40. Kb3 Ra8 41. Rxd2 Rd4 (41... Rc8 $142 42. Kc3 Re6) 42. Re2+ Kd6 43. Re6+ Kc7 44. b5 {[%emt 0:00:37] [#] White threatens b6+ and mate.} Rad8 45. Be2 (45. b6+ $142 Kb8 46. Bb5 Rd1 47. Re7 Ra1 48. Rb7+ (48. Rxh7 Kc8 49. Rc7+ Kb8 50. Na6+ Rxa6 51. Bxa6 Rh8 52. Kb4 Re8) (48. Na6+ Rxa6 49. Bxa6 h5 $18) 48... Kc8 49. Rxh7 (49. Rc7+ Kb8 50. Rxh7 Ra5 51. Na6+ Rxa6 52. Bxa6 Rg8 53. Kc4 Rf8) 49... g5 50. Na6 (50. fxg5 f4 51. Na6 Rd7 52. Rxd7 Rb1+ 53. Kc4 Rc1+ 54. Kd5 Rd1+ 55. Kc6 Rxd7)) 45... R8d6 46. Re7+ Kc8 47. Bf3 Rd2 48. Rxh7 {[%emt 0:00:06] aiming for Kc3.} Rf2 49. Bb7+ {[%emt 0:00:32] White mates.} Kb8 50. Bc6 Rf1 51. Kb4 {[%emt 0:02:00] Weighted Error Value: White=0.03 (flawless) /Black=0.39.  Mistake:       	---       	Black=3      Inaccurate:     	---       	Black=1      OK:         	White=17    	Black=11     Best:        	White=3     	---        Strong:       	White=2     	---} 1-0

[Event "Chinese League Division-A 2024"]
[Site "Fuling Chongqing"]
[Date "2024.06.26"]
[Round "1.14"]
[White "Zhao, Yunqing"]
[Black "Zhang, Xiao"]
[Result "1-0"]
[ECO "E04"]
[WhiteElo "1986"]
[BlackElo "2193"]
[Annotator "RC"]
[PlyCount "99"]
[EventDate "2024.06.28"]
[EventType "team-tourn"]
[EventCountry "CHN"]
[SourceTitle "playchess.com"]
[Source "ChessBase"]
[SourceQuality "1"]
[TimeControl "40/5400+30:1800+30"]

1. d4 Nf6 2. c4 e6 3. g3 d5 4. Nf3 dxc4 5. Bg2 a6 6. O-O Nc6 7. e3 Rb8 8. Nfd2 e5 9. Bxc6+ bxc6 10. dxe5 Ng4 11. Nxc4 Be6 12. Nbd2 Bb4 13. Qc2 h5 14. b3 h4 15. Nf3 hxg3 16. fxg3 Qe7 17. Bb2 Rh3 18. Qg2 Rh5 19. h3 Bxc4 20. hxg4 Bxf1 21. Rxf1 Rh6 22. Nd4 Qxe5 23. Nf5 Qd5 24. Nxh6 Qxg2+ 25. Kxg2 gxh6 26. Rf6 Rd8 27. Bd4 c5 28. Be5 Rd2+ 29. Rf2 Kd7 30. Rxd2+ Bxd2 31. Kf3 c6 32. Bf4 Ke6 33. Bxh6 Be1 34. Bf4 Kd5 35. Ke2 Bc3 36. Kd3 Be1 37. e4+ Ke6 38. Ke2 Bc3 39. g5 Ba5 40. Kf3 Bc3 41. Kg4 a5 42. a4 Bd4 43. Kh5 Bc3 44. g6 Kf6 45. gxf7 Kxf7 46. Kg5 Ke6 47. Kg6 Bd4 48. g4 Bf6 49. g5 Bd8 50. Kh6 1-0

[Event "Chinese League Division-A 2024"]
[Site "Fuling Chongqing"]
[Date "2024.06.26"]
[Round "1.15"]
[White "Hu, Yu A."]
[Black "Du, Yuxin"]
[Result "1/2-1/2"]
[ECO "D60"]
[WhiteElo "2127"]
[BlackElo "1960"]
[Annotator "RC"]
[PlyCount "100"]
[EventDate "2024.06.28"]
[EventType "team-tourn"]
[EventCountry "CHN"]
[SourceTitle "playchess.com"]
[Source "ChessBase"]
[SourceQuality "1"]
[TimeControl "40/5400+30:1800+30"]

1. d4 Nf6 2. c4 e6 3. Nc3 d5 4. Nf3 Be7 5. Bg5 O-O 6. e3 b6 7. cxd5 Nxd5 8. Bxe7 Qxe7 9. Bd3 Bb7 10. O-O Nxc3 11. bxc3 Nd7 12. Nd2 e5 13. Qc2 g6 14. Be4 Bxe4 15. Qxe4 Rfe8 16. Qc6 Rac8 17. Rfd1 Kg7 18. a4 a5 19. Nc4 Qe6 20. Qxe6 Rxe6 21. Rac1 h5 22. Na3 Nf6 23. Nb5 Ree8 24. Kf1 Kf8 25. c4 exd4 26. exd4 Red8 27. f3 Ne8 28. d5 Nd6 29. Na7 Ra8 30. Nc6 Re8 31. c5 bxc5 32. Rxc5 Nb7 33. Rc3 Nd6 34. Nd4 Re5 35. Nc6 Ree8 36. Rb1 Nf5 37. Kf2 Nd6 38. Rc5 Ra6 39. Rb8 Rxb8 40. Nxb8 Ra8 41. Nc6 Nc8 42. Ne5 Ra7 43. Nc4 Nb6 44. Nxb6 cxb6 45. Rb5 Rc7 46. Rxb6 Rc4 47. Ke3 Ke7 48. Rb7+ Kf6 49. d6 Rxa4 50. Re7 Ra1 1/2-1/2

[Event "Chinese League Division-A 2024"]
[Site "Fuling Chongqing"]
[Date "2024.06.26"]
[Round "1.16"]
[White "Xu, Yinglun"]
[Black "Chen, Qi b"]
[Result "1/2-1/2"]
[ECO "A20"]
[WhiteElo "2526"]
[BlackElo "2481"]
[Annotator "RC"]
[PlyCount "60"]
[EventDate "2024.06.28"]
[EventType "team-tourn"]
[EventCountry "CHN"]
[SourceTitle "playchess.com"]
[Source "ChessBase"]
[SourceQuality "1"]
[TimeControl "40/5400+30:1800+30"]

1. c4 e5 2. a3 Nf6 3. d3 d5 4. cxd5 Nxd5 5. Nf3 Bd6 6. Nc3 Be6 7. g3 h6 8. Bg2 c5 9. Ng5 hxg5 10. Bxd5 Bxd5 11. Nxd5 Nc6 12. Qa4 Kf8 13. e4 f6 14. Be3 Ne7 15. Nc3 b6 16. O-O-O Rh3 17. Kb1 Qe8 18. Qc4 Rd8 19. Qe6 Qd7 20. Qc4 Qe8 21. Qe6 Qd7 22. Qc4 Rc8 23. f3 g6 24. Rd2 Kg7 25. Rf1 Bb8 26. Rff2 Bd6 27. Rf1 Bb8 28. Rff2 Bd6 29. Rf1 Bb8 30. Rff2 Bd6 1/2-1/2

[Event "Chinese League Division-A 2024"]
[Site "Fuling Chongqing"]
[Date "2024.06.26"]
[Round "1.17"]
[White "Xu, Jun"]
[Black "Xie, Kaifan"]
[Result "0-1"]
[ECO "A28"]
[WhiteElo "2471"]
[BlackElo "2376"]
[Annotator "TA"]
[PlyCount "60"]
[EventDate "2024.06.28"]
[EventType "team-tourn"]
[EventCountry "CHN"]
[SourceTitle "playchess.com"]
[Source "ChessBase"]
[SourceQuality "1"]
[TimeControl "40/5400+30:1800+30"]

1. c4 Nf6 2. Nc3 e5 3. Nf3 Nc6 4. a3 d5 5. cxd5 Nxd5 6. Qc2 Be7 7. e3 Nxc3 8. Qxc3 (8. bxc3 $11 Qd6 9. Rb1) 8... Qd6 $15 9. d3 O-O {[%emt 0:02:14] Black is slightly better.} 10. Nd2 a5 11. b3 (11. Be2 $15) 11... Rd8 $17 12. Bb2 Bf5 13. Nc4 Qg6 14. e4 Be6 15. Qc1 f6 16. Nd2 Rac8 {[%emt 0:06:45] Black has more active pieces.} 17. g3 Qf7 18. Qc2 Nd4 19. Bxd4 Rxd4 20. Be2 Qf8 $36 {[%emt 0:01:50][%mdl 2048] Black is in control.} 21. Nc4 b5 22. Nxa5 (22. Ne3 $17) 22... c5 $19 {[%emt 0:00:02] White is weak on the dark squares} ({Stronger than} 22... Bxa3 23. Nc6 Bb4+ 24. Kf1 Bh3+ 25. Kg1 $15) 23. O-O Qd8 24. Qc3 {[%emt 0:12:45] [#]} Qb6 $1 25. Rfc1 {[%emt 0:03:22] [#]} Bd8 $1 ({Not} 25... Ra8 26. b4 $15) 26. b4 $2 (26. Nc4 {was worth a try.} bxc4 27. bxc4) 26... cxb4 {[%emt 0:01:18] Black is clearly winning.} 27. Qxc8 Bxc8 28. Nb3 Be6 29. Nxd4 Qxd4 30. axb4 Bb6 {[%emt 0:00:20] White did not feel at home in the position after the opening.   Weighted Error Value: White=0.47/Black=0.07 (flawless) .  Mistake:       	White=4     	---        Inaccurate:     	White=4     	---        OK:         	White=5     	Black=6      Best:        	White=1     	Black=2      Strong:       	---       	Black=2} 0-1

[Event "Chinese League Division-A 2024"]
[Site "Fuling Chongqing"]
[Date "2024.06.26"]
[Round "1.18"]
[White "Wu, Yixing"]
[Black "Lin, Chen"]
[Result "1/2-1/2"]
[ECO "D93"]
[WhiteElo "2326"]
[BlackElo "2484"]
[Annotator "TA"]
[PlyCount "72"]
[EventDate "2024.06.28"]
[EventType "team-tourn"]
[EventCountry "CHN"]
[SourceTitle "playchess.com"]
[Source "ChessBase"]
[SourceQuality "1"]
[TimeControl "40/5400+30:1800+30"]

1. d4 Nf6 2. c4 g6 3. Nc3 d5 4. Bf4 Bg7 5. e3 c5 6. dxc5 Qa5 7. Rc1 dxc4 8. Bxc4 O-O 9. Nf3 Qxc5 10. Bb3 Qh5 11. h3 Bg4 12. Bh2 (12. hxg4 $2 {is the wrong capture.} Qxh1+ 13. Ke2 Qxd1+ (13... Qxg2 14. Bxf7+ Rxf7 15. Qb3 $17) 14. Nxd1 Nxg4 $19) 12... Bxf3 13. Qxf3 ({But not} 13. gxf3 Nc6 14. Bg3 Na5 $15) 13... Qxf3 14. gxf3 Nc6 15. Ke2 Rfd8 16. Rhd1 e6 17. Ba4 Nb4 18. a3 Nbd5 19. Be5 Rac8 20. Bb3 Nxc3+ 21. Rxc3 Ne8 22. f4 Bxe5 23. Rxc8 Rxc8 24. fxe5 $14 {[%emt 0:00:06][%mdl 4096] Endgame. KRB-KRN} Kf8 25. Ba4 a6 26. Bxe8 Kxe8 $11 {[%emt 0:00:04] KR-KR. The position is equal.} 27. f4 Rc2+ 28. Rd2 Rc1 29. Rd1 Rxd1 30. Kxd1 {[%emt 0:00:05] KP-KP} Kd7 31. Kd2 Kc6 32. h4 a5 (32... Kb5 $5) 33. b3 Kd5 {[%emt 0:01:19] [#] White must now prevent ...Ke4.} 34. Kd3 Kc5 35. Kc3 Kd5 {[%emt 0:00:40] aiming for ...Ke4.} 36. Kd3 Kc5 {[%emt 0:00:05] Weighted Error Value: White=0.05 (flawless) /Black=0.06 (flawless) .  Inaccurate:     	White=1     	---        OK:         	White=14    	Black=6      Best:        	White=1     	---} 1/2-1/2

[Event "Chinese League Division-A 2024"]
[Site "Fuling Chongqing"]
[Date "2024.06.26"]
[Round "1.19"]
[White "Guo, Qi"]
[Black "Wang, Qinxuanyi"]
[Result "1-0"]
[ECO "D45"]
[WhiteElo "2362"]
[BlackElo "2149"]
[Annotator "RC"]
[PlyCount "57"]
[EventDate "2024.06.28"]
[EventType "team-tourn"]
[EventCountry "CHN"]
[SourceTitle "playchess.com"]
[Source "ChessBase"]
[SourceQuality "1"]
[TimeControl "40/5400+30:1800+30"]

1. d4 d5 2. c4 c6 3. Nc3 Nf6 4. e3 e6 5. Nf3 Nbd7 6. Be2 dxc4 7. a4 c5 8. Bxc4 cxd4 9. exd4 Be7 10. O-O O-O 11. a5 Nb8 12. d5 exd5 13. Nxd5 Bg4 14. Bf4 Nc6 15. Nxe7+ Nxe7 16. Qb3 Ng6 17. Bg3 Ne4 18. Qxb7 Bxf3 19. gxf3 Nxg3 20. hxg3 Rb8 21. Qxa7 Ne5 22. Rfd1 Nxf3+ 23. Kg2 Qf6 24. Bd5 Ng5 25. Qd4 Qa6 26. Qc4 Qh6 27. a6 Rxb2 28. Qh4 Qg6 29. Qd4 1-0

[Event "Chinese League Division-A 2024"]
[Site "Fuling Chongqing"]
[Date "2024.06.26"]
[Round "1.20"]
[White "Liu, Manli"]
[Black "Gao, Muziyan"]
[Result "0-1"]
[ECO "B51"]
[WhiteElo "2056"]
[BlackElo "1943"]
[Annotator "NA RC"]
[PlyCount "122"]
[EventDate "2024.06.28"]
[EventType "team-tourn"]
[EventCountry "CHN"]
[SourceTitle "playchess.com"]
[Source "ChessBase"]
[SourceQuality "1"]
[TimeControl "40/5400+30:1800+30"]

1. e4 c5 2. Nf3 Nc6 3. Bb5 d6 4. O-O Bd7 5. Re1 Nf6 6. c3 a6 7. Bf1 Bg4 8. h3 Bxf3 9. Qxf3 g6 10. d3 Bg7 11. Nd2 O-O 12. g3 b5 13. Qd1 Nd7 14. Nf3 b4 15. d4 bxc3 16. bxc3 Qa5 17. Bd2 Rab8 18. d5 Nce5 19. Nxe5 Bxe5 20. Qc2 Rb7 21. Rab1 Rfb8 22. c4 Qc7 23. Rxb7 Qxb7 24. Bd3 Bd4 25. Kg2 Ne5 26. Bf1 Qb2 27. Rc1 Qa3 28. Bc3 Bxc3 29. Qxc3 Qxa2 30. Ra1 Qb3 31. Qxb3 Rxb3 32. Rxa6 Rb4 33. Ra7 Kf8 34. h4 h5 35. Be2 Nxc4 36. Bxc4 Rxc4 37. Kf3 Rd4 38. Ke3 f5 39. f3 fxe4 40. fxe4 Kf7 41. Ra8 Kf6 42. Kf4 Rd1 43. Rf8+ Kg7 44. Rc8 Rf1+ 45. Ke3 Rf8 46. Rc7 Kf6 47. Kf4 Ra8 48. Rc6 Ra4 49. Rc8 Kf7 50. Kf3 Ra3+ 51. Kf4 Rc3 52. Rb8 c4 53. Rc8 Rc1 54. Rc7 c3 55. Kg5 c2 56. e5 dxe5 57. d6 Rd1 58. d7 Rxd7 59. Rxc2 Rd4 60. Kh6 Rg4 61. Rc3 e4 0-1

[Event "Chinese League Division-A 2024"]
[Site "Fuling Chongqing"]
[Date "2024.06.26"]
[Round "1.21"]
[White "Wang, Hao"]
[Black "Bai, Jinshi"]
[Result "1-0"]
[ECO "D94"]
[WhiteElo "2702"]
[BlackElo "2564"]
[Annotator "TA"]
[PlyCount "83"]
[EventDate "2024.06.28"]
[EventType "team-tourn"]
[EventCountry "CHN"]
[SourceTitle "playchess.com"]
[Source "ChessBase"]
[SourceQuality "1"]
[TimeControl "40/5400+30:1800+30"]

1. d4 d5 2. c4 c6 3. Nf3 Nf6 4. e3 g6 5. Nc3 Bg7 6. Be2 O-O 7. O-O b6 8. b4 Ne4 {[%emt 0:04:16] D94: Grünfeld: 4 Nf3 Bg7 5 e3.} 9. Bb2 Bb7 10. Nxe4 dxe4 {[%emt 0:00:07] [#]} 11. Nd2 $1 f5 12. c5 Nd7 13. f3 $146 ({Predecessor:} 13. Qb3+ Kh8 14. Rfd1 Nf6 15. a4 Nd5 16. Bc4 e6 17. b5 f4 18. Nxe4 cxb5 19. axb5 Nxe3 20. fxe3 Bxe4 21. exf4 Rxf4 {1-0 Zenner,C (2122)-Heidsiek,E (2135) GER-ch27 V06 corr 1997}) 13... exf3 14. Bc4+ (14. Rxf3 Kh8 $14) 14... Kh8 15. Nxf3 (15. gxf3 bxc5 16. bxc5 Nxc5 $15) (15. Rxf3 a5 $11) 15... e6 (15... bxc5 $14 16. bxc5 Nf6 (16... Nxc5 $2 17. dxc5 Bxb2 18. Rb1 $18)) 16. Bxe6 Qe7 17. Qb3 Rae8 18. Bxd7 Qxd7 19. Ne5 Qe6 20. Rfc1 Kg8 21. Kf2 Bh6 22. g3 Bg7 23. h4 (23. cxb6 {simplifies} Bxe5 24. Qxe6+ Rxe6 25. dxe5 axb6 26. a4) 23... b5 24. Qxe6+ Rxe6 25. a4 Bxe5 26. dxe5 Rd8 27. Rd1 Rxd1 28. Rxd1 bxa4 29. Rd7 Ba6 30. Rxa7 Bd3 31. Rxa4 Kf7 32. Kf3 Re7 33. Kf4 Rb7 (33... h6 $16 34. Ra3 Be4) 34. Kg5 $18 Ke6 (34... h5 {was worth a try.} 35. Bd4 Re7) 35. Bd4 $18 h5 36. Bc3 {[%emt 0:03:27][%cal Oa4a8] Hoping for Ra8!} ({Not} 36. Kxg6 f4+ 37. e4 (37. Kxh5 fxg3 38. Kg4 g2 $15) 37... fxg3 38. Kxh5 g2 $15) 36... Rd7 $2 (36... Kf7 {might work better.} 37. Ra8 Re7) 37. Ra8 $18 (37. Kxg6 $2 f4+ 38. Kxh5 fxg3 $19) 37... Be4 (37... Kf7 $142 38. Rc8 Be4) 38. Bd4 (38. Kxg6 f4+ 39. Kxh5 fxg3 40. Re8+ Kd5 $17) 38... Rb7 39. Rd8 (39. Kxg6 $2 {loses.} f4+ 40. Kxh5 fxg3 $19) 39... Rd7 40. Rg8 f4 41. gxf4 Kf7 42. Rb8 1-0

[Event "Chinese League Division-A 2024"]
[Site "Fuling Chongqing"]
[Date "2024.06.26"]
[Round "1.22"]
[White "Kong, Xiangrui"]
[Black "Zhao, Jun"]
[Result "1/2-1/2"]
[ECO "C67"]
[WhiteElo "2439"]
[BlackElo "2538"]
[Annotator "RC"]
[PlyCount "64"]
[EventDate "2024.06.28"]
[EventType "team-tourn"]
[EventCountry "CHN"]
[SourceTitle "playchess.com"]
[Source "ChessBase"]
[SourceQuality "1"]
[TimeControl "40/5400+30:1800+30"]

1. e4 e5 2. Nf3 Nc6 3. Bb5 Nf6 4. O-O Nxe4 5. Re1 Nd6 6. a4 Be7 7. Nc3 a6 8. Bf1 e4 9. Nxe4 Nxe4 10. Rxe4 d5 11. Re1 d4 12. Bd3 Be6 13. Be4 Bd5 14. d3 O-O 15. Bf4 Bxe4 16. Rxe4 Bb4 17. Bd2 Bxd2 18. Qxd2 Re8 19. Rae1 Rxe4 20. Rxe4 Qf6 21. h4 h6 22. Qe2 Kf8 23. g4 Qd6 24. h5 Qd7 25. Kg2 Re8 26. Kg3 Qd6+ 27. Kg2 Re7 28. Nh4 Qc5 29. Nf5 Rxe4 30. Qxe4 Qxc2 31. Nxd4 Nxd4 32. Qxd4 Qc6+ 1/2-1/2

[Event "Chinese League Division-A 2024"]
[Site "Fuling Chongqing"]
[Date "2024.06.26"]
[Round "1.23"]
[White "Pang, Tao"]
[Black "Ma, Qun"]
[Result "1/2-1/2"]
[ECO "D47"]
[WhiteElo "2495"]
[BlackElo "2643"]
[Annotator "TA"]
[PlyCount "60"]
[EventDate "2024.06.28"]
[EventType "team-tourn"]
[EventCountry "CHN"]
[SourceTitle "playchess.com"]
[Source "ChessBase"]
[SourceQuality "1"]
[TimeControl "40/5400+30:1800+30"]

1. d4 Nf6 2. c4 e6 3. Nf3 d5 4. Nc3 c6 5. e3 Nbd7 6. Bd3 dxc4 7. Bxc4 b5 8. Bd3 b4 9. Ne4 Nxe4 10. Bxe4 Bb7 11. O-O Be7 12. Nd2 O-O 13. b3 Nf6 14. Bf3 Nd5 15. Bb2 c5 16. Ne4 Ba6 17. Be2 Bxe2 18. Qxe2 cxd4 19. Bxd4 Qd7 20. Rfc1 Rfc8 21. Qa6 f5 (21... f6 {feels hotter.} 22. h3 Kf7 23. a3 bxa3 24. Bc5 f5) 22. Nc5 Qc6 23. Qxc6 Rxc6 24. Nd3 {[%emt 0:00:25] Against e5} Ra6 25. Nc5 Rc6 26. Nd3 {[%emt 0:00:03] Prevents e5.} Ra6 27. Nc5 Rc6 28. Nd3 {[%emt 0:00:08] Prevents e5.} Ra6 29. Nc5 Rc6 30. Nd3 {[%emt 0:00:03] Repels e5} Ra6 {[%emt 0:00:03] An uneventful encounter.   Weighted Error Value: White=0.07 (flawless) /Black=0.03 (flawless) .  OK:         	White=11    	Black=11     Best:        	---       	Black=1} 1/2-1/2

[Event "Chinese League Division-A 2024"]
[Site "Fuling Chongqing"]
[Date "2024.06.26"]
[Round "1.24"]
[White "Zhai, Mo"]
[Black "Song, Yuxin"]
[Result "1/2-1/2"]
[ECO "D50"]
[WhiteElo "2348"]
[BlackElo "2383"]
[Annotator "RC"]
[PlyCount "79"]
[EventDate "2024.06.28"]
[EventType "team-tourn"]
[EventCountry "CHN"]
[SourceTitle "playchess.com"]
[Source "ChessBase"]
[SourceQuality "1"]
[TimeControl "40/5400+30:1800+30"]

1. d4 Nf6 2. c4 e6 3. Nf3 d5 4. Nc3 c5 5. cxd5 cxd4 6. Qxd4 exd5 7. Bg5 Be7 8. e3 O-O 9. Rd1 Be6 10. Bd3 h6 11. Bh4 Nc6 12. Qa4 Qb6 13. Qb5 g5 14. Bg3 Bb4 15. O-O Bxc3 16. bxc3 Ne4 17. Rb1 Nxc3 18. Qxb6 axb6 19. Rxb6 Rxa2 20. Rxb7 g4 21. Rb6 Rc8 22. Ne5 Ne2+ 23. Bxe2 Nxe5 24. Ba6 Ra8 25. Bxe5 R2xa6 26. Rb4 Ra4 27. Rxa4 Rxa4 28. f3 h5 29. Bd4 Kh7 30. fxg4 hxg4 31. Kf2 Kg6 32. Kg3 Ra2 33. Rf6+ Kg5 34. h4+ gxh3 35. gxh3 Ra8 36. h4+ Kh5 37. Rf4 Rg8+ 38. Kf3 Rg1 39. Kf2 Rg4 40. Rxg4 1/2-1/2

[Event "Chinese League Division-A 2024"]
[Site "Fuling Chongqing"]
[Date "2024.06.26"]
[Round "1.25"]
[White "Li, Xueyi"]
[Black "Lu, Miaoyi"]
[Result "0-1"]
[ECO "D74"]
[WhiteElo "2209"]
[BlackElo "2449"]
[Annotator "TA"]
[PlyCount "92"]
[EventDate "2024.06.28"]
[EventType "team-tourn"]
[EventCountry "CHN"]
[SourceTitle "playchess.com"]
[Source "ChessBase"]
[SourceQuality "1"]
[TimeControl "40/5400+30:1800+30"]

1. d4 Nf6 2. c4 g6 3. Nf3 Bg7 4. Nc3 O-O 5. g3 d5 6. Bg2 Nc6 7. cxd5 Nxd5 8. O-O e5 9. Nxd5 e4 10. Nd2 {[%emt 0:05:04][%cal Od2e4,Bf3d2,Bd2b3,Bb3c5][%mdl 32] Strongly threatening Nxe4!} Qxd5 {[%emt 0:00:16] The position is equal.} 11. e3 Re8 12. Qb3 Qxb3 13. Nxb3 a5 14. Bd2 $1 a4 15. Nc5 f5 16. b3 a3 17. Rac1 Ne7 $1 18. Rfe1 b6 19. Na4 Nd5 20. Bf1 Ba6 21. Bxa6 Rxa6 22. Nc3 Nxc3 23. Bxc3 Bf8 {[%emt 0:01:54] Against Bb4} 24. Red1 Raa8 25. d5 Rad8 26. Bf6 Rd7 27. Bg5 $2 {[%emt 0:05:52] [#]} (27. Kf1 $11 {and White has nothing to worry.}) 27... Re5 $1 $19 28. Bf4 Rexd5 29. Rxd5 Rxd5 30. Rxc7 {[%emt 0:00:06][%mdl 4096] Endgame. KRB-KRB} (30. Bxc7 $142 Bc5 (30... Rd2 $2 31. Bxb6 Rxa2 32. Rc8 $19) 31. Rc2) 30... Rd2 31. Rc8 {[%emt 0:00:31] [#] And now Bh6 would win.} Kf7 $1 (31... Rxa2 $2 32. Bh6 Kf7 (32... Ra1+ $2 33. Kg2 $18) 33. Rxf8+ $18) 32. Rc7+ Kg8 $2 (32... Ke6 $19 33. Rc6+ Kd7 34. Rc7+ Ke8 35. Rc8+ Ke7) 33. Rc8 $1 $15 Kf7 $2 {[%emt 0:00:02] Black is more active.} (33... Rxa2 $2 34. Bh6 Kf7 (34... Ra1+ $2 35. Kg2 $18) 35. Rxf8+ $18) (33... g5 $1 $15 34. Bxg5 Kf7 (34... Rxa2 $2 35. Bh6 $18) 35. Rc7+ Kg6) 34. Rc7+ $19 Ke6 35. Rc6+ Kd7 (35... Kd5 $19 36. Rc8 Be7) 36. Rxb6 {[%emt 0:00:46] This move loses the game for White.} (36. Rc7+ $17 Kd8 37. Rxh7) 36... Rxa2 37. Be5 {[%emt 0:00:13] [#]} Rb2 $1 38. Rb7+ (38. Bxb2 $2 axb2 39. Rb7+ Kc6 40. Rxh7 b1=Q+ $19 (40... b1=B $2 41. Rf7 $18)) 38... Kc6 39. Rxh7 Rxb3 40. Kg2 Kd5 41. Bh8 a2 42. Ra7 (42. Rd7+ $142 Bd6 43. g4) 42... Ra3 43. Rb7 Bd6 {[%emt 0:06:30] Prevents Rb8. Hoping for ...Be5.} (43... a1=B 44. Bxa1 Rxa1 45. h4 $19) 44. Bb2 (44. Ba1) 44... Ra5 {[%emt 0:03:07] ...Be5 is the strong threat. Black is clearly winning.} ({Inferior is} 44... a1=B 45. Rb5+ Ke6 46. Bxa3 Bxa3 47. g4 $11) ({Weaker is} 44... a1=Q 45. Bxa1 Rxa1 46. Rg7 $15) 45. Rd7 Ke6 ({Not} 45... a1=B 46. Bxa1 Rxa1 47. Rg7 $17) 46. Rd8 Rb5 {[%emt 0:01:24] Weighted Error Value: White=0.44/Black=0.17 (very precise) .  Loses game:     	White=1     	---        Missed win:     	---       	Black=1      Mistake:       	White=4     	Black=2      Inaccurate:     	White=2     	Black=2      OK:         	White=14    	Black=16     Best:        	White=1     	Black=6      Strong:       	White=2     	Black=3} (46... a1=N $2 47. Rg8 $19) 0-1

[Event "Chinese League Division-A 2024"]
[Site "Fuling Chongqing"]
[Date "2024.06.26"]
[Round "1.26"]
[White "Lu, Shanglei"]
[Black "Bu, Xiangzhi"]
[Result "1/2-1/2"]
[ECO "C43"]
[WhiteElo "2606"]
[BlackElo "2689"]
[Annotator "TA"]
[PlyCount "66"]
[EventDate "2024.06.28"]
[EventType "team-tourn"]
[EventCountry "CHN"]
[SourceTitle "playchess.com"]
[Source "ChessBase"]
[SourceQuality "1"]
[TimeControl "40/5400+30:1800+30"]

1. e4 e5 2. Nf3 Nf6 3. d4 Nxe4 4. Bd3 d5 5. Nxe5 Nd7 6. Nxd7 Bxd7 7. O-O Bd6 8. Qh5 Qf6 9. Nc3 Qxd4 10. Be3 Qe5 11. Qxe5+ Bxe5 12. Nxd5 Nf6 {[%emt 0:00:11][%cal Be4f6,Bf6d5,Bd5b4,Bb4c2][%mdl 32] [#]} 13. Rae1 $1 Nxd5 14. Bd4 O-O-O 15. Bxe5 Nb4 16. Bc4 {[%emt 0:02:44] This pair of bishops is nice. The position is equal.} Nxc2 17. Re2 f6 $1 18. Bc3 Bf5 {[%emt 0:01:39] [#]} 19. g4 $1 Bg6 20. f4 ({Of course not} 20. Re7 Rhe8 21. Rxe8 (21. Rxg7 $2 {too greedy.} Re4 $19) 21... Bxe8 $17) 20... Nd4 {[%emt 0:00:35] Against f5} 21. Re7 {[%emt 0:00:28] Dodges Bf7} b5 22. Bxd4 bxc4 23. Bxa7 Rhe8 24. Rfe1 Rxe7 25. Rxe7 $11 {[%emt 0:00:08][%mdl 4096] Endgame. KRB-KRB} f5 26. gxf5 Bxf5 27. Be3 Rd3 28. Kf2 g6 29. Rxh7 c3 30. bxc3 Rxc3 31. h4 Ra3 32. h5 gxh5 33. Rxh5 Rxa2+ {[%emt 0:00:04] A balanced but interesting game.   Weighted Error Value: White=0.01 (flawless) /Black=0.00 (flawless) .  OK:         	White=15    	Black=19     Best:        	White=1     	Black=1      Strong:       	---       	Black=1} 1/2-1/2